[Event "European Online Club-ch-F 2021"]
[Site "Online"]
[Date "2021.03.27"]
[Round "1.3"]
[White "Van Wely, Loek"]
[Black "Graeffe, Petri"]
[Result "1-0"]
[ECO "D33"]
[WhiteElo "2620"]
[BlackElo "2043"]
[Annotator "ChessBase"]
[PlyCount "89"]
[EventDate "2021.03.27"]
[EventType "team-tourn"]
[EventCountry "NET"]
[SourceTitle "playchess.com"]
[Source "ChessBase"]
[SourceQuality "1"]
[TimeControl "900+5"]

1. d4 d5 2. c4 e6 3. Nf3 c5 4. cxd5 exd5 5. Nc3 Nc6 6. g3 Nf6 7. Bg2 cxd4 8. Nxd4 Bc5 9. Nb3 Bb6 10. O-O d4 11. Na4 O-O 12. Nxb6 axb6 13. Bxc6 bxc6 14. Qxd4 Be6 15. Bg5 Bxb3 16. Qxd8 Rfxd8 17. axb3 h6 18. Bxf6 gxf6 19. Rxa8 Rxa8 20. Rd1 Ra2 21. Rd6 Rxb2 22. Rxc6 Rxb3 23. Rxf6 Kg7 24. Rc6 Rb2 25. e3 b5 26. g4 Rb4 27. h3 Rb2 28. Rb6 Rb4 29. Kg2 Rb2 30. Kg3 Rb3 31. Kf4 b4 32. h4 Rb2 33. f3 Rb1 34. e4 b3 35. Kf5 b2 36. f4 Rh1 37. Rxb2 Rxh4 38. e5 Rh1 39. Rb7 Re1 40. Re7 Kg8 41. Kf6 Re4 42. f5 Rxg4 43. Rxf7 h5 44. e6 h4 45. e7 1-0

[Event "European Online Club-ch-F 2021"]
[Site "Online"]
[Date "2021.03.27"]
[Round "1.4"]
[White "Puittinen, Mika"]
[Black "Hamdouchi, Hicham"]
[Result "0-1"]
[ECO "A28"]
[WhiteElo "2007"]
[BlackElo "2561"]
[Annotator "ChessBase"]
[PlyCount "54"]
[EventDate "2021.03.27"]
[EventType "team-tourn"]
[EventCountry "NET"]
[SourceTitle "playchess.com"]
[Source "ChessBase"]
[SourceQuality "1"]
[TimeControl "900+5"]

1. c4 Nf6 2. Nc3 e5 3. Nf3 Nc6 4. a3 g6 5. d4 exd4 6. Nxd4 Bg7 7. g3 O-O 8. Bg2 Re8 9. Nxc6 bxc6 10. O-O a5 11. Re1 Ba6 12. Qa4 Ng4 13. Qxa5 Ne5 14. Qa4 Bxc4 15. Qd1 Rb8 16. f4 Bb3 17. Qd2 Nc4 18. Qd3 d5 19. e4 dxe4 20. Qxd8 Rbxd8 21. Rxe4 Bd4+ 22. Kf1 Na5 23. Rxe8+ Rxe8 24. Bf3 Bc4+ 25. Be2 Rxe2 26. Nxe2 Nb3 27. Rb1 Bd3 0-1

[Event "European Online Club-ch-F 2021"]
[Site "Online"]
[Date "2021.03.27"]
[Round "1.5"]
[White "Kovalenko, Igor"]
[Black "Gorodetzky, Matan"]
[Result "1-0"]
[ECO "D04"]
[WhiteElo "2643"]
[BlackElo "2253"]
[Annotator "ChessBase"]
[PlyCount "193"]
[EventDate "2021.03.27"]
[EventType "team-tourn"]
[EventCountry "NET"]
[SourceTitle "playchess.com"]
[Source "ChessBase"]
[SourceQuality "1"]
[TimeControl "900+5"]

1. d4 d5 2. Nf3 c5 3. e3 Nf6 4. dxc5 e6 5. a3 a5 6. b3 Bxc5 7. Bb2 O-O 8. Nbd2 b6 9. Bd3 Ba6 10. O-O Qe7 11. Qe2 Bxd3 12. cxd3 Nbd7 13. Nd4 Rfc8 14. Nb5 Qd8 15. Nf3 Be7 16. Bd4 Nc5 17. Rab1 Qe8 18. a4 Nfd7 19. h3 Bf8 20. Ba1 Na6 21. Rfd1 Nb4 22. Rd2 e5 23. Ne1 f6 24. Qg4 Rc6 25. Bb2 Nc5 26. Ba3 Ne6 27. Rdd1 Qg6 28. Nf3 Qxg4 29. hxg4 Rc2 30. Ne1 Rc6 31. Rd2 g6 32. g3 Bh6 33. Rdd1 Na2 34. Kf1 Bf8 35. Bb2 Nb4 36. Ke2 Rcc8 37. f4 Bg7 38. Ba3 Na2 39. Nf3 Nc3+ 40. Nxc3 Rxc3 41. f5 Nc5 42. Bxc5 bxc5 43. Rdc1 Rxc1 44. Rxc1 Bf8 45. e4 Rb8 46. Rb1 c4 47. exd5 c3 48. Kd1 Rd8 49. Kc2 Bb4 50. Re1 Rxd5 51. Re4 Rd8 52. Ng1 h5 53. Ne2 Rc8 54. fxg6 hxg4 55. Rxg4 f5 56. Rc4 Rf8 57. Nxc3 Kg7 58. Nd5 Be1 59. g4 f4 60. Kd1 Bh4 61. Ke2 f3+ 62. Kf1 Rd8 63. g5 Rxd5 64. Rxh4 Rxd3 65. Re4 Rd5 66. Kf2 Kxg6 67. Kxf3 Kf5 68. Ke3 Kxg5 69. Rc4 Kf5 70. Rc8 Rd1 71. Rf8+ Ke6 72. Rb8 Rb1 73. Rb5 Kf5 74. Kd3 Rd1+ 75. Ke3 Rb1 76. Kd2 Kf4 77. Kc2 Rh1 78. Rxa5 e4 79. Ra8 Rh2+ 80. Kc3 Rh3+ 81. Kc4 e3 82. Re8 Kf3 83. a5 e2 84. a6 Rh6 85. Kb5 Rh5+ 86. Kb6 Rh6+ 87. Kb7 Rh7+ 88. Kb6 Rh6+ 89. Kb5 Rh5+ 90. Kc4 Rh6 91. a7 Ra6 92. Kd3 Rd6+ 93. Kc4 Ra6 94. Kd3 Rd6+ 95. Kc2 Ra6 96. Rf8+ Ke3 97. a8=Q 1-0

[Event "European Online Club-ch-F 2021"]
[Site "Online"]
[Date "2021.03.27"]
[Round "1.6"]
[White "Katkov, Michelle"]
[Black "Moiseenko, Alexander"]
[Result "0-1"]
[ECO "B22"]
[WhiteElo "2078"]
[BlackElo "2620"]
[Annotator "ChessBase"]
[PlyCount "64"]
[EventDate "2021.03.27"]
[EventType "team-tourn"]
[EventCountry "NET"]
[SourceTitle "playchess.com"]
[Source "ChessBase"]
[SourceQuality "1"]
[TimeControl "900+5"]

1. e4 c5 2. c3 d5 3. exd5 Qxd5 4. d4 Nc6 5. Nf3 Bf5 6. Be3 Nf6 7. c4 Qd7 8. d5 Nb4 9. Na3 e6 10. Ne5 Qc7 11. Qa4+ Nd7 12. d6 Bxd6 13. Nb5 Nc2+ 14. Ke2 Bxe5 15. Nxc7+ Bxc7 16. Rd1 O-O-O 17. Qxa7 Nxe3 18. Kxe3 g5 19. g3 Bb6 20. Qa4 Ne5 21. Bg2 Kc7 22. Qb5 Bd3 23. f4 gxf4+ 24. gxf4 Nxc4+ 25. Kf2 Ne5 26. Rxd3 Nxd3+ 27. Kf3 Rd4 28. b4 Rxf4+ 29. Ke2 Rd8 30. Bf3 Rxb4 31. Qxd3 Rb2+ 32. Ke3 c4+ 0-1

[Event "European Online Club-ch-F 2021"]
[Site "Online"]
[Date "2021.03.27"]
[Round "1.7"]
[White "Smirin, Ilia"]
[Black "Stolyarsky, Yegor"]
[Result "1-0"]
[ECO "C90"]
[WhiteElo "2614"]
[BlackElo "2063"]
[Annotator "ChessBase"]
[PlyCount "97"]
[EventDate "2021.03.27"]
[EventType "team-tourn"]
[EventCountry "NET"]
[SourceTitle "playchess.com"]
[Source "ChessBase"]
[SourceQuality "1"]
[TimeControl "900+5"]

1. e4 e5 2. Nf3 Nc6 3. Bb5 a6 4. Ba4 Nf6 5. O-O b5 6. Bb3 Be7 7. Re1 d6 8. c3 Na5 9. Bc2 c5 10. d4 exd4 11. cxd4 O-O 12. Nc3 Bg4 13. d5 Nc4 14. h3 Bh5 15. g4 Bg6 16. Nh4 Nd7 17. Nxg6 fxg6 18. f4 Bf6 19. g5 Bd4+ 20. Kh1 Qc8 21. Qg4 Rf7 22. Rb1 Qf8 23. Nd1 Re8 24. Qg3 Rfe7 25. b3 Ncb6 26. Bd2 Qf7 27. Nc3 h6 28. h4 Nf8 29. Qf3 Nh7 30. Kg2 Rf8 31. Rf1 Nd7 32. Ne2 Rfe8 33. b4 Rc8 34. bxc5 Bxc5 35. Bb3 Nb6 36. e5 Nc4 37. e6 Qf5 38. Ng3 Qf8 39. Bxc4 bxc4 40. Qe4 Qe8 41. Bc3 hxg5 42. hxg5 Rb8 43. Rxb8 Qxb8 44. Qxg6 Rb7 45. Nf5 Rb2+ 46. Kg3 Rb7 47. Nh6+ Kh8 48. Nf7+ Kg8 49. Qxg7# 1-0

[Event "European Online Club-ch-F 2021"]
[Site "Online"]
[Date "2021.03.27"]
[Round "1.8"]
[White "Gleizer, Adar"]
[Black "Fridman, Daniel"]
[Result "0-1"]
[ECO "B13"]
[WhiteElo "1833"]
[BlackElo "2601"]
[Annotator "ChessBase"]
[PlyCount "82"]
[EventDate "2021.03.27"]
[EventType "team-tourn"]
[EventCountry "NET"]
[SourceTitle "playchess.com"]
[Source "ChessBase"]
[SourceQuality "1"]
[TimeControl "900+5"]

1. e4 c6 2. d4 d5 3. exd5 cxd5 4. Bd3 Nc6 5. c3 Qc7 6. Ne2 Bg4 7. O-O e6 8. Qe1 Bd6 9. f3 Bh5 10. Qh4 Bg6 11. Bxg6 fxg6 12. Nf4 Bxf4 13. Bxf4 Qb6 14. b3 Nxd4 15. Be3 Nf5 16. Bxb6 Nxh4 17. Bd4 Nf5 18. Re1 Nxd4 19. cxd4 Kd7 20. Nc3 Ne7 21. Rac1 Rac8 22. Nb5 Rxc1 23. Rxc1 Nc6 24. Rd1 Rc8 25. Kf2 Nb4 26. a3 Rc2+ 27. Ke3 Nc6 28. Rg1 a6 29. Kd3 Rb2 30. Nc3 Rxb3 31. Rd1 Rxa3 32. Kc2 b5 33. Kb2 b4 34. Na2 Re3 35. Nc1 Na5 36. Nd3 Re2+ 37. Kb1 Nc4 38. Nc5+ Kc6 39. Nxa6 b3 40. Nb4+ Kb5 41. Nd3 Na3+ 0-1

[Event "European Online Club-ch-F 2021"]
[Site "Online"]
[Date "2021.03.27"]
[Round "1.9"]
[White "Agrest, Evgenij"]
[Black "Yilmazyerli, Mert"]
[Result "0-1"]
[ECO "D00"]
[WhiteElo "2568"]
[BlackElo "2413"]
[Annotator "ChessBase"]
[PlyCount "52"]
[EventDate "2021.03.27"]
[EventType "team-tourn"]
[EventCountry "NET"]
[SourceTitle "playchess.com"]
[Source "ChessBase"]
[SourceQuality "1"]
[TimeControl "900+5"]

1. d4 Nf6 2. Nc3 d5 3. Bf4 a6 4. e3 e6 5. g4 c5 6. Bg2 Nc6 7. g5 Nd7 8. Nf3 Be7 9. h4 O-O 10. a3 b5 11. h5 Bb7 12. Bh3 cxd4 13. exd4 e5 14. dxe5 d4 15. Ne4 Ncxe5 16. Nxe5 Nxe5 17. Bxe5 Bxe4 18. Rg1 Re8 19. Qxd4 Bxc2 20. Kd2 Ba4 21. g6 Bg5+ 22. Rxg5 Qxg5+ 23. f4 Qxh5 24. gxh7+ Qxh7 25. Rg1 Rxe5 26. Qxe5 Rd8+ 0-1

[Event "European Online Club-ch-F 2021"]
[Site "Online"]
[Date "2021.03.27"]
[Round "1.10"]
[White "Isik, Alparslan"]
[Black "Zhigalko, Andrey"]
[Result "1-0"]
[ECO "A09"]
[WhiteElo "2321"]
[BlackElo "2517"]
[Annotator "ChessBase"]
[PlyCount "123"]
[EventDate "2021.03.27"]
[EventType "team-tourn"]
[EventCountry "NET"]
[SourceTitle "playchess.com"]
[Source "ChessBase"]
[SourceQuality "1"]
[TimeControl "900+5"]

1. Nf3 d5 2. c4 d4 3. g3 Nc6 4. Bg2 e5 5. d3 Nf6 6. O-O a5 7. Na3 Bc5 8. Nc2 O-O 9. Bg5 h6 10. Bxf6 Qxf6 11. Nd2 Qe7 12. Rb1 Bd7 13. e3 dxe3 14. fxe3 Nb4 15. Bxb7 Rab8 16. Be4 f5 17. Bd5+ Kh8 18. Nf3 Nxc2 19. Qxc2 Bxe3+ 20. Kh1 c6 21. Nh4 Rf6 22. Bg2 Qd6 23. Rbe1 Bd4 24. b3 Re8 25. Nf3 Bb6 26. Qc3 Rfe6 27. Re2 Kh7 28. Rfe1 e4 29. Nh4 Qxd3 30. Qc1 e3 31. Bf3 Qd6 32. Rd1 Qc7 33. c5 Ba7 34. Nxf5 Rf6 35. Nd4 Qe5 36. Rd3 Rxf3 37. Nxf3 Qh5 38. Rexe3 Bf5 39. Rxe8 Bxd3 40. Re3 Be4 41. Kg2 Bd5 42. Rc3 g5 43. h3 g4 44. hxg4 Qxg4 45. Qf4 Qg7 46. Qf5+ Kg8 47. Re3 Bxc5 48. Re8+ Bf8 49. g4 Bf7 50. Re2 Bg6 51. Qf4 Bf7 52. Qd4 Qg6 53. Ne5 Qg7 54. Nxc6 Qg5 55. Ne5 Be6 56. Kf3 Bg7 57. Qf4 Bd5+ 58. Kg3 Qe7 59. Re3 Bf6 60. Ng6 Qg7 61. Qb8+ Kf7 62. Qe8# 1-0

[Event "European Online Club-ch-F 2021"]
[Site "Online"]
[Date "2021.03.27"]
[Round "1.11"]
[White "Kazakouski, Valery"]
[Black "Karaoglan, Doruk"]
[Result "1-0"]
[ECO "E63"]
[WhiteElo "2476"]
[BlackElo "2230"]
[Annotator "ChessBase"]
[PlyCount "73"]
[EventDate "2021.03.27"]
[EventType "team-tourn"]
[EventCountry "NET"]
[SourceTitle "playchess.com"]
[Source "ChessBase"]
[SourceQuality "1"]
[TimeControl "900+5"]

1. d4 Nf6 2. Nf3 g6 3. c4 Bg7 4. g3 d6 5. Bg2 O-O 6. O-O Nc6 7. Nc3 a6 8. b3 Rb8 9. d5 Na5 10. Bg5 c5 11. dxc6 bxc6 12. c5 d5 13. Bf4 Rb4 14. Be5 Ne4 15. Bxg7 Kxg7 16. Qe1 Nf6 17. Na4 Rxa4 18. bxa4 Nc4 19. Qc3 Qc7 20. Nd4 Bd7 21. e4 e5 22. Nb3 Be6 23. exd5 cxd5 24. Rac1 Rb8 25. Rfe1 d4 26. Qd3 Rb4 27. c6 Ng4 28. Nc5 Bf5 29. Be4 Nd6 30. Bxf5 gxf5 31. Nxa6 Qb6 32. Nxb4 Qxb4 33. c7 e4 34. Qd1 e3 35. fxe3 dxe3 36. Re2 Nf2 37. Qd5 1-0

[Event "European Online Club-ch-F 2021"]
[Site "Online"]
[Date "2021.03.27"]
[Round "1.12"]
[White "Apaydin, Fethi"]
[Black "Meribanov, Vitaly"]
[Result "0-1"]
[ECO "B25"]
[WhiteElo "2260"]
[BlackElo "2406"]
[Annotator "NA"]
[PlyCount "110"]
[EventDate "2021.03.27"]
[EventType "team-tourn"]
[EventCountry "NET"]
[SourceTitle "playchess.com"]
[Source "ChessBase"]
[SourceQuality "1"]
[TimeControl "900+5"]

1. e4 c5 2. Nc3 Nc6 3. g3 g6 4. Bg2 Bg7 5. d3 d6 6. f4 e6 7. Nf3 Nge7 8. O-O O-O 9. Be3 Nd4 10. Rb1 Rb8 11. Ne2 Nxf3+ 12. Bxf3 b6 13. g4 f5 14. Ng3 Bb7 15. c3 d5 16. exf5 exf5 17. d4 Qd6 18. Qd2 Rbd8 19. Rbd1 fxg4 20. Bxg4 Bc8 21. dxc5 bxc5 22. Bxc8 Rxc8 23. Qg2 Qc6 24. f5 d4 25. Qxc6 Nxc6 26. Bg5 Bf6 27. Bxf6 Rxf6 28. Ne4 Rxf5 29. Rxf5 gxf5 30. Nxc5 dxc3 31. bxc3 Ne7 32. Rd7 Kf7 33. Nb3 Rxc3 34. Rxa7 Kf6 35. Nd4 Rd3 36. Ne2 Rd2 37. Kf2 Nd5 38. Kf3 Rd3+ 39. Kf2 h5 40. Ra6+ Kg5 41. Rd6 f4 42. a4 Kf5 43. Nc3 Rxc3 44. Rxd5+ Kg4 45. h3+ Rxh3 46. Rd8 Rh2+ 47. Kg1 Ra2 48. Rd4 Kg3 49. Rd3+ f3 50. Rd1 Rxa4 51. Rb1 Ra2 52. Rc1 Rg2+ 53. Kh1 Rh2+ 54. Kg1 f2+ 55. Kf1 Rh1+ 0-1

[Event "European Online Club-ch-F 2021"]
[Site "Online"]
[Date "2021.03.27"]
[Round "1.13"]
[White "Pechac, Jergus"]
[Black "Sochacki, Christophe"]
[Result "1-0"]
[ECO "A57"]
[WhiteElo "2507"]
[BlackElo "2477"]
[Annotator "ChessBase"]
[PlyCount "67"]
[EventDate "2021.03.27"]
[EventType "team-tourn"]
[EventCountry "NET"]
[SourceTitle "playchess.com"]
[Source "ChessBase"]
[SourceQuality "1"]
[TimeControl "900+5"]

1. d4 Nf6 2. c4 c5 3. d5 b5 4. cxb5 a6 5. e3 Bb7 6. Nc3 e6 7. dxe6 fxe6 8. Nf3 d5 9. Be2 Bd6 10. b3 O-O 11. Bb2 e5 12. bxa6 Nxa6 13. Nb5 Bb8 14. Nxe5 Ne4 15. O-O Nxf2 16. Qc2 Qh4 17. Bf3 d4 18. Qxf2 Qxf2+ 19. Rxf2 Bxe5 20. Bxb7 Rxf2 21. Kxf2 dxe3+ 22. Ke2 Bxb2 23. Rb1 Rf8 24. Bxa6 Rf6 25. Kxe3 Bd4+ 26. Nxd4 cxd4+ 27. Kxd4 Rxa6 28. a4 Kf7 29. Ra1 Ke6 30. b4 Kd6 31. b5 Ra5 32. Kc4 Ra8 33. a5 Rf8 34. a6 1-0

[Event "European Online Club-ch-F 2021"]
[Site "Online"]
[Date "2021.03.27"]
[Round "1.15"]
[White "Zwardon, Vojtech"]
[Black "Eden, James"]
[Result "1-0"]
[ECO "A25"]
[WhiteElo "2466"]
[BlackElo "2294"]
[Annotator "ChessBase"]
[PlyCount "59"]
[EventDate "2021.03.27"]
[EventType "team-tourn"]
[EventCountry "NET"]
[SourceTitle "playchess.com"]
[Source "ChessBase"]
[SourceQuality "1"]
[TimeControl "900+5"]

1. c4 e5 2. g3 Nc6 3. Bg2 Bc5 4. Nc3 d6 5. Nf3 a6 6. e3 Nf6 7. d4 Ba7 8. dxe5 Nxe5 9. Nxe5 dxe5 10. Qxd8+ Kxd8 11. b3 c6 12. Ba3 Be6 13. Rd1+ Nd7 14. Ne4 f6 15. O-O Kc7 16. Bd6+ Kc8 17. Rd2 Bf5 18. Rfd1 Bg4 19. Rc1 Bf5 20. Ba3 Bxe4 21. Bxe4 g6 22. Rcd1 Nc5 23. Bxc5 Bxc5 24. Rd7 a5 25. Bg2 a4 26. Rf7 Rd8 27. Rxd8+ Kxd8 28. Rxh7 axb3 29. Rh8+ Kc7 30. Rxa8 1-0

[Event "European Online Club-ch-F 2021"]
[Site "Online"]
[Date "2021.03.27"]
[Round "1.16"]
[White "Maatoug, Redwan"]
[Black "Druska, Juraj"]
[Result "1/2-1/2"]
[ECO "B38"]
[WhiteElo "2202"]
[BlackElo "2495"]
[Annotator "ChessBase"]
[PlyCount "78"]
[EventDate "2021.03.27"]
[EventType "team-tourn"]
[EventCountry "NET"]
[SourceTitle "playchess.com"]
[Source "ChessBase"]
[SourceQuality "1"]
[TimeControl "900+5"]

1. e4 c5 2. Nf3 Nc6 3. d4 cxd4 4. Nxd4 g6 5. c4 Nf6 6. Nc3 d6 7. Be2 Bg7 8. Be3 O-O 9. O-O Bd7 10. f3 Nxd4 11. Bxd4 a5 12. Qd2 Bc6 13. Rfd1 Nd7 14. Bxg7 Kxg7 15. Qd4+ Kg8 16. Nd5 Bxd5 17. exd5 Qb6 18. Qxb6 Nxb6 19. b3 Rfc8 20. Kf2 a4 21. Ke3 Ra7 22. Kd4 axb3 23. axb3 Rca8 24. Rxa7 Rxa7 25. Kc3 Kg7 26. Bd3 Kf6 27. Bc2 Ra2 28. Re1 h5 29. g4 e5 30. dxe6 fxe6 31. gxh5 gxh5 32. Rg1 Nd7 33. Rg6+ Kf7 34. Rh6 Nf6 35. Rh8 Ra7 36. Rb8 Nd7 37. Rh8 Nf6 38. Rb8 Nd7 39. Rh8 Nf6 1/2-1/2

[Event "European Online Club-ch-F 2021"]
[Site "Online"]
[Date "2021.03.27"]
[Round "1.17"]
[White "Gokerkan, Cem Kaan"]
[Black "Hellers, Ferdinand"]
[Result "0-1"]
[ECO "B03"]
[WhiteElo "2470"]
[BlackElo "2592"]
[Annotator "ChessBase"]
[PlyCount "148"]
[EventDate "2021.03.27"]
[EventType "team-tourn"]
[EventCountry "NET"]
[SourceTitle "playchess.com"]
[Source "ChessBase"]
[SourceQuality "1"]
[TimeControl "900+5"]

1. e4 Nf6 2. e5 Nd5 3. d4 d6 4. c4 Nb6 5. f4 dxe5 6. fxe5 Nc6 7. Be3 Bf5 8. Nc3 e6 9. Nf3 Be7 10. Be2 O-O 11. O-O f6 12. exf6 Bxf6 13. b3 Qe7 14. Qd2 Rad8 15. Rad1 Kh8 16. h3 h6 17. Kh1 Rd7 18. Qe1 Rfd8 19. Qf2 Qb4 20. Nb5 a6 21. c5 axb5 22. cxb6 cxb6 23. Rd2 Rd5 24. Rfd1 Be4 25. Qg3 Nxd4 26. Bxd4 Bxd4 27. Qf4 Bc3 28. Rxd5 exd5 29. Qh4 Bf6 30. Qg3 Qc5 31. Ne5 Bxe5 32. Qxe5 Qf2 33. Bf1 Rc8 34. Qd4 Qxd4 35. Rxd4 Rc1 36. Kg1 Ra1 37. a4 bxa4 38. bxa4 Rb1 39. Kf2 Kg8 40. g4 Kf8 41. Bb5 Ke7 42. Rd2 Rb3 43. h4 Kd6 44. Rd1 Rc3 45. Re1 Ke5 46. Rg1 Kf4 47. Ke2 Rc2+ 48. Kd1 Rb2 49. Rf1+ Ke3 50. Re1+ Kf2 51. Rf1+ Ke3 52. Re1+ Kd4 53. Rf1 Rb1+ 54. Kd2 Rxf1 55. Bxf1 g5 56. hxg5 hxg5 57. Bb5 Bf3 58. Bd7 Ke5 59. Ke3 Be4 60. Bc8 d4+ 61. Kd2 Kf4 62. Bd7 Bc6 63. Bc8 Bxa4 64. Kd3 Ke5 65. Bxb7 Bb5+ 66. Kd2 Kf4 67. Bc8 Bc4 68. Bd7 b5 69. Bc8 b4 70. Bd7 b3 71. Bc8 Bd5 72. Bd7 Be4 73. Kc1 d3 74. Ba4 d2+ 0-1

[Event "European Online Club-ch-F 2021"]
[Site "Online"]
[Date "2021.03.27"]
[Round "1.18"]
[White "Rogule, Laura"]
[Black "Ozen, Deniz"]
[Result "1/2-1/2"]
[ECO "D17"]
[WhiteElo "2286"]
[BlackElo "2397"]
[Annotator "NA"]
[PlyCount "121"]
[EventDate "2021.03.27"]
[EventType "team-tourn"]
[EventCountry "NET"]
[SourceTitle "playchess.com"]
[Source "ChessBase"]
[SourceQuality "1"]
[TimeControl "900+5"]

1. d4 d5 2. c4 c6 3. Nc3 Nf6 4. Nf3 dxc4 5. a4 Bf5 6. Ne5 Nbd7 7. Nxc4 Qc7 8. g3 e5 9. dxe5 Nxe5 10. Bf4 Nfd7 11. Bg2 g5 12. Ne3 gxf4 13. Nxf5 O-O-O 14. Qc2 fxg3 15. hxg3 a5 16. O-O Bb4 17. Rac1 Nc5 18. e3 h5 19. Ne4 Nxe4 20. Qxe4 Kb8 21. Rfd1 Rxd1+ 22. Rxd1 f6 23. Qd4 Qc8 24. Qf4 Ka7 25. Nd6 Qg4 26. Qd4+ Qxd4 27. Rxd4 Bxd6 28. Rxd6 Nc4 29. Rxf6 Nxb2 30. Rf7 Kb6 31. Rf4 Kc5 32. Bf1 Rd8 33. e4 Nxa4 34. Rf5+ Kb6 35. Rxh5 Nc5 36. e5 a4 37. Bc4 Rd4 38. Rh4 Rd1+ 39. Kg2 Ka5 40. f4 b5 41. Bf7 a3 42. Rh8 Rd7 43. Ra8+ Kb4 44. e6 Rc7 45. f5 Na4 46. Rd8 Nc3 47. f6 a2 48. Ra8 Na4 49. e7 a1=Q 50. e8=Q Qb2+ 51. Kh3 Qxf6 52. Qe4+ Kc5 53. Bh5 Qd4 54. Qc2+ Qc4 55. Qf2+ Qd4 56. Qf8+ Qd6 57. Qf2+ Qd4 58. Qf8+ Qd6 59. Qf2+ Kb4 60. Qe1+ Kc5 61. Qf2+ 1/2-1/2

[Event "European Online Club-ch-F 2021"]
[Site "Online"]
[Date "2021.03.27"]
[Round "1.19"]
[White "Can, Isik"]
[Black "Reizniece-Ozola, Dana"]
[Result "1-0"]
[ECO "B78"]
[WhiteElo "2380"]
[BlackElo "2279"]
[Annotator "NA"]
[PlyCount "95"]
[EventDate "2021.03.27"]
[EventType "team-tourn"]
[EventCountry "NET"]
[SourceTitle "playchess.com"]
[Source "ChessBase"]
[SourceQuality "1"]
[TimeControl "900+5"]

1. e4 c5 2. Nf3 d6 3. d4 cxd4 4. Nxd4 Nf6 5. Nc3 g6 6. Be3 Bg7 7. Bc4 O-O 8. f3 Nc6 9. Qd2 Bd7 10. h4 h5 11. O-O-O Ne5 12. Bb3 Rc8 13. Bg5 Rc5 14. Kb1 Re8 15. Bh6 Nc4 16. Bxc4 Rxc4 17. Bxg7 Kxg7 18. Nd5 e5 19. Nxf6 Qxf6 20. Nb3 Rc6 21. Na5 Ra6 22. Nxb7 Be6 23. b3 Qe7 24. Nxd6 Rb8 25. c4 Rc6 26. Qa5 f6 27. c5 a6 28. Rc1 Qa7 29. g3 Qe7 30. Ka1 f5 31. Qc3 Qf6 32. f4 exf4 33. e5 Qd8 34. gxf4 a5 35. Qg3 a4 36. Rhg1 Bf7 37. b4 Kf8 38. Qc3 Qd7 39. Nxf7 Qxf7 40. a3 Kg8 41. Rcd1 Rbc8 42. Qf3 Qc4 43. Qd5+ Qxd5 44. Rxd5 Kf7 45. Rgd1 g5 46. Rd7+ Ke8 47. hxg5 h4 48. Rh7 1-0

[Event "European Online Club-ch-F 2021"]
[Site "Online"]
[Date "2021.03.27"]
[Round "1.20"]
[White "Grandell, Anders"]
[Black "Ozen, Bahadir"]
[Result "1/2-1/2"]
[ECO "D58"]
[WhiteElo "2296"]
[BlackElo "2369"]
[Annotator "NA"]
[PlyCount "83"]
[EventDate "2021.03.27"]
[EventType "team-tourn"]
[EventCountry "NET"]
[SourceTitle "playchess.com"]
[Source "ChessBase"]
[SourceQuality "1"]
[TimeControl "900+5"]

1. d4 d5 2. c4 e6 3. Nf3 Nf6 4. Nc3 Be7 5. Bg5 h6 6. Bh4 O-O 7. e3 b6 8. Be2 Bb7 9. O-O Nbd7 10. Rc1 c5 11. Qa4 dxc4 12. Qxc4 a6 13. a4 Ne4 14. Bxe7 Qxe7 15. Nxe4 Bxe4 16. dxc5 Nxc5 17. Qb4 Rab8 18. a5 Bxf3 19. Bxf3 Qf6 20. Rfd1 Qf5 21. e4 Qg5 22. Rc2 e5 23. axb6 Ne6 24. Qa5 Nd4 25. Rc3 Qf6 26. Qxa6 Rxb6 27. Qa2 Rfb8 28. Rb1 Qf4 29. Re3 g6 30. h3 h5 31. Bd1 Kg7 32. g3 Qf6 33. h4 Qc6 34. Qa3 Rb4 35. Qa2 Qb6 36. Qd5 Rb5 37. Qd7 Rxb2 38. Rxb2 Qxb2 39. Qe7 Qb5 40. Ba4 Rb7 41. Bxb5 Rxe7 42. Bf1 1/2-1/2

[Event "European Online Club-ch-F 2021"]
[Site "Online"]
[Date "2021.03.27"]
[Round "2.1"]
[White "Pulkkinen, Kari"]
[Black "Hellers, Ferdinand"]
[Result "0-1"]
[ECO "B04"]
[WhiteElo "2256"]
[BlackElo "2592"]
[Annotator "ChessBase"]
[PlyCount "110"]
[EventDate "2021.03.27"]
[EventType "team-tourn"]
[EventCountry "NET"]
[SourceTitle "playchess.com"]
[Source "ChessBase"]
[SourceQuality "1"]
[TimeControl "900+5"]

1. e4 Nf6 2. e5 Nd5 3. d4 d6 4. Nf3 g6 5. Bc4 Nb6 6. Bb3 Bg7 7. Ng5 e6 8. f4 dxe5 9. fxe5 O-O 10. O-O c5 11. c3 cxd4 12. cxd4 Nc6 13. Nf3 f6 14. exf6 Qxf6 15. Be3 Nd5 16. Bf2 Nf4 17. Nc3 Nh3+ 18. gxh3 Qxf3 19. Qxf3 Rxf3 20. Kg2 Rf8 21. Rad1 Na5 22. Bc2 Bd7 23. Be4 Bc6 24. Rfe1 Rad8 25. b4 Bxe4+ 26. Rxe4 Nc6 27. Rxe6 Bxd4 28. Bxd4 Rxd4 29. Rxd4 Nxd4 30. Re7 Rf7 31. Re8+ Kg7 32. Ne4 Nf5 33. Nc5 b6 34. Ne6+ Kf6 35. Nf4 Rd7 36. Kf3 Rd2 37. a4 Ra2 38. Rf8+ Kg7 39. Ne6+ Kh6 40. Rf7 Ra3+ 41. Kf4 Rxa4 42. Nf8 Rxb4+ 43. Ke5 Ng7 44. Rxa7 Rb3 45. Nd7 Re3+ 46. Kf4 Re7 47. Kg4 Nh5 48. Ra6 Rxd7 49. Rxb6 Rd2 50. Rb5 Rxh2 51. Rc5 Rg2+ 52. Kf3 Rg3+ 53. Kf2 Rxh3 54. Kg2 Ra3 55. Kf2 Nf4 0-1

[Event "European Online Club-ch-F 2021"]
[Site "Online"]
[Date "2021.03.27"]
[Round "2.3"]
[White "Lammi, Jyri"]
[Black "Cramling, Dan"]
[Result "1-0"]
[ECO "B02"]
[WhiteElo "2083"]
[BlackElo "2292"]
[Annotator "NA"]
[PlyCount "47"]
[EventDate "2021.03.27"]
[EventType "team-tourn"]
[EventCountry "NET"]
[SourceTitle "playchess.com"]
[Source "ChessBase"]
[SourceQuality "1"]
[TimeControl "900+5"]

1. e4 Nf6 2. d3 d5 3. e5 Nfd7 4. f4 c5 5. Nf3 Nc6 6. b3 e6 7. Be2 Be7 8. O-O O-O 9. Nbd2 f6 10. Bb2 fxe5 11. Nxe5 Ndxe5 12. fxe5 Bg5 13. Nf3 Be3+ 14. Kh1 Qc7 15. Qe1 Bd7 16. Qh4 Rf4 17. Qg3 Raf8 18. Ng5 Bf2 19. Qh3 Rh4 20. Nxe6 Qc8 21. Rxf2 Rxf2 22. Qxh4 Rxe2 23. Nxg7 Rxc2 24. Nh5 1-0

[Event "European Online Club-ch-F 2021"]
[Site "Online"]
[Date "2021.03.27"]
[Round "2.4"]
[White "Grandell, Anders"]
[Black "Puittinen, Mika"]
[Result "0-1"]
[ECO "D17"]
[WhiteElo "2296"]
[BlackElo "2007"]
[Annotator "NA"]
[PlyCount "94"]
[EventDate "2021.03.27"]
[EventType "team-tourn"]
[EventCountry "NET"]
[SourceTitle "playchess.com"]
[Source "ChessBase"]
[SourceQuality "1"]
[TimeControl "900+5"]

1. d4 d5 2. c4 c6 3. Nc3 Nf6 4. Nf3 dxc4 5. a4 Bf5 6. Ne5 Nbd7 7. Nxc4 Qc7 8. g3 e5 9. dxe5 Nxe5 10. Bf4 Nfd7 11. Bg2 g5 12. Ne3 gxf4 13. Nxf5 fxg3 14. hxg3 O-O-O 15. Qc2 Kb8 16. Rb1 Bb4 17. O-O Nc5 18. Rfd1 Rxd1+ 19. Rxd1 Rd8 20. Na2 Na6 21. Be4 Bf8 22. Kg2 Nc5 23. Rh1 f6 24. Nc1 Qa5 25. Nb3 Qxa4 26. Nxc5 Qxc2 27. Na6+ bxa6 28. Bxc2 Rd2 29. Ba4 Rxe2 30. Rxh7 Bc5 31. Ne7 Rxf2+ 32. Kh3 Rxb2 33. Nxc6+ Nxc6 34. Bxc6 a5 35. Ba4 Rb4 36. Rh4 Kc7 37. Kg2 Kd6 38. Kf3 Bd4 39. Bc2 a4 40. Bb1 Kc5 41. Ba2 Rb2 42. Bf7 a3 43. Rh5+ Kb4 44. Rd5 Bb6 45. Rd6 a2 46. Bxa2 Rxa2 47. Rxf6 Rf2+ 0-1